 Dungeon Crawl Stone Soup version 0.29.1-13-g9f3cf754e1 (webtiles) character file.

Game seed: 5104420792066566831

9 Exodus22XD the Trooper (level 2, 20/27 HPs)
             Began as a Minotaur Fighter on Feb 3, 2023.
             Was a Follower of Sif Muna.
             Quit the game on level 1 of the Dungeon.
             The game lasted 00:00:19 (146 turns).

Exodus22XD the Trooper (Minotaur Fighter)            Turns: 146, Time: 00:00:19

Health: 20/27      AC:  7    Str: 20    XL:     2   Next: 6%
Magic:  1/1        EV:  9    Int:  5    God:    Sif Muna [*.....]
Gold:   24         SH:  4    Dex:  9    Spells: 1/1 levels left

rFire   . . .      SeeInvis .   a - +0 war axe
rCold   . . .      Faith    .   c - +0 buckler
rNeg    . . .      Spirit   .   b - +0 scale mail
rPois   .          Reflect  .   (helmet restricted)
rElec   .          Harm     .   (no cloak)
rCorr   .          Rampage  .   (no gloves)
Will    .....                   (no boots)
Stlth   ..........              (no amulet)
HPRegen 0.09/turn               (no ring)
MPRegen 0.07/turn               (no ring)

@: no status effects
A: horns 2, retaliatory headbutt
a: Renounce Religion, Channel Magic


You were on level 1 of the Dungeon.
You worshipped Sif Muna.
Sif Muna was aware of your devotion.
You visited 1 branch of the dungeon, and saw 1 of its levels.

You collected 24 gold pieces.

Inventory:

Hand Weapons
 a - a +0 war axe (weapon)
Armour
 b - a +0 scale mail (worn)
 c - a +0 buckler (worn)
Scrolls
 e - a scroll of identify {unknown}
 f - a scroll of vulnerability {unknown}
Potions
 d - a potion of might


   Skills:
 + Level 3.9 Fighting
 + Level 2.5 Axes
 + Level 3.9 Armour
 + Level 3.8 Shields


You had one spell level left.
You didn't know any spells.
Your spell library was empty.

Dungeon Overview and Level Annotations

Branches:
Dungeon (1/15)

Altars:
Sif Muna


Innate Abilities, Weirdness & Mutations

You have a pair of horns on your head.
You reflexively headbutt those who attack you in melee.


Message History

You barely miss the jackal. x2; You closely miss the jackal.
The jackal bites you but does no damage.
The jackal closely misses you. The jackal barely misses you.
The jackal bites you but does no damage.
You block the jackal's attack. x2
You miss the jackal. You slash the jackal!
You kill the jackal!
You barely miss the jackal.
The jackal bites you but does no damage. x2
The jackal bites you.
The jackal bites you but does no damage.
You closely miss the jackal. You completely miss the jackal.
The jackal barely misses you. You furiously retaliate!
You headbutt the jackal. You block the jackal's attack.
The jackal barely misses you. The jackal closely misses you.
You slash the jackal!
You kill the jackal!
You hit the jackal. You block the jackal's attack.
The jackal bites you but does no damage.
You closely miss the jackal.
The jackal is moderately wounded.
You barely miss the hobgoblin. You block the jackal's attack.
The hobgoblin hits you. You block the jackal's attack.
The hobgoblin hits you but does no damage.
You slash the jackal!
You kill the jackal!
You hit the hobgoblin.
The hobgoblin hits you but does no damage.
You have reached level 2!
You hit the hobgoblin but do no damage.
The hobgoblin is severely wounded.
The hobgoblin hits you but does no damage.
You barely miss the hobgoblin. You headbutt the hobgoblin.
You kill the hobgoblin!
There is a faded altar of an unknown god here.
You cannot tell which god this altar belongs to.
Convert to them anyway?
Sif Muna accepts your prayer! Sif Muna welcomes you!
You can now call upon Sif Muna for magical energy.
Are you sure you want to abandon this character and quit the game? (Confirm with "yes".)

#..+....... #...#.#.#.
#.#.†..# #.##......
#+###...## #.#.......
#........## #.##......
#..[......## #.#......#
#.....##...## ###.##...#..
##.... ##...####...#
#..#...# ......
##.........# ##......
..#... #8_@......# #...#..#
..##.. ##.........#
##......
##..###...####...#.#....#.#
+....#...##......#.##......
#.......##.......#.#.....#.
#......##........#.##......
#.....##.........#.#......#
#................#.##......
#...(....###...###...#.#.#.


There were no monsters in sight!

Vanquished Creatures
  An endoplasm (D:1)
  A hobgoblin (D:1)
  4 jackals (D:1)
  A bat (D:1)
  A rat (D:1)
8 creatures vanquished.

Notes
Turn   | Place    | Note
-------+----------+-------------------------------------------
     0 | D:1      | Exodus22XD the Minotaur Fighter began the quest for the
                  | Orb.
     0 | D:1      | Reached XP level 1. HP: 19/19 MP: 0/0
   109 | D:1      | Found a faded altar of an unknown god.
   136 | D:1      | Reached XP level 2. HP: 19/27 MP: 1/1
   144 | D:1      | Prayed at the altar of an unknown god.
   144 | D:1      | Became a worshipper of Sif Muna the Loreminder
   144 | D:1      | Reached * piety under Sif Muna
   146 | D:1      | Quit the game

Illustrated notes

Levels and vault maps discovered:
D:1:      co_arrival_square_in_a_square_in_a_square, layout_basic,
          hellmonk_ecumenical_altar_crossroads

Action                   || total
-------------------------++-------
Melee: War axe           ||    14
       Headbutt          ||     1
Armor: Scale mail        ||    13
Dodge: Dodged            ||     8
Block: Buckler           ||     8
